 Dungeon Crawl Stone Soup version 0.27-a0-1200-g94dc6ad4cf (webtiles) character file.

Game seed: 3250833763678052175

9014 Froggeryz the Martial Artist (level 11, -21/121 HPs)
             Began as an Octopode Berserker on May 30, 2021.
             Was a High Priest of Trog.
             Demolished by a tyrant leech (30 damage)
             ... on level 10 of the Dungeon.
             The game lasted 00:11:16 (12623 turns).

Froggeryz the Martial Artist (Octopode Berserker)  Turns: 12623, Time: 00:11:17

Health: -21/121    AC:  1    Str: 16    XL:     11   Next: 39%
Magic:  0/11       EV: 20    Int:  9    God:    Trog [*****.]
Gold:   306        SH:  6    Dex: 16    Spells: 10/10 levels left

rFire    . . .     SeeInvis +     - Unarmed
rCold    . . .     Faith    .   s - +0 buckler "Roda" {Rampage *Corrode SInv Stlth+}
rNeg     . . .     Spirit   +   (helmet restricted)
rPois    .         Reflect  .   z - amulet of guardian spirit
rElec    .         Harm     .   f - ring of flight
rCorr    .         Rampage  +   x - ring of see invisible
Will     .....                  C - +4 ring of evasion
Stlth    ..........             (no ring)
HPRegen  0.30/turn              (no ring)
MPRegen  0.12/turn              (no ring)
                                (no ring)
                                (no ring)

@: berserking (expiring), flying, very quick
A: almost no armour, amphibious, 8 rings, camouflage 1, gelatinous body 1,
(nimble swimmer 1), tentacles
a: Renounce Religion, Berserk, Trog's Hand, Brothers in Arms


You were on level 10 of the Dungeon.
You worshipped Trog.
Trog was extremely pleased with you.
You visited 2 branches of the dungeon, and saw 11 of its levels.
You also visited: Ossuary.

You collected 636 gold pieces.
You spent 330 gold pieces at shops.

Inventory:

Missiles
 b - 8 curare-tipped darts
 c - 6 boomerangs of dispersal
Armour
 s - the +0 buckler "Roda" (worn) {Rampage *Corrode SInv Stlth+}
   (You found it on level 8 of the Dungeon)

   It lets you see invisible.
   It may corrode you when you take damage.
   It bestows one free step when moving towards enemies.
   It makes you more stealthy.
Jewellery
 f - a ring of flight (left tentacle)
 x - a ring of see invisible (right tentacle)
 y - an amulet of regeneration
 z - an amulet of guardian spirit (around mantle)
 B - a ring of fire
 C - a +4 ring of evasion (on tentacle)
Wands
 k - a wand of acid (8)
 n - a wand of iceblast (34)
 A - a wand of digging (2)
 D - a wand of mindburst (10)
 G - a wand of flame (9)
Scrolls
 e - a scroll of immolation
 j - 2 scrolls of fear
 o - 2 scrolls of magic mapping
 p - 5 scrolls of teleportation
 q - a scroll of noise
 t - 4 scrolls of enchant weapon
 v - a scroll of blinking
 F - a scroll of summoning {unknown}
 H - a scroll of identify
Potions
 a - a potion of invisibility {unknown}
 d - 2 potions of heal wounds {unknown}
 g - 3 potions of degeneration {unknown}
 h - 3 potions of curing
 i - 4 potions of resistance
 l - 4 potions of mutation {unknown}
 m - a potion of brilliance {unknown}
 r - 3 potions of lignification {unknown}
 u - a potion of berserk rage {unknown}
 w - 2 potions of attraction {unknown}
 E - a potion of flight {unknown}


   Skills:
 + Level 9.7 Fighting
 + Level 6.1 Dodging
 - Level 5.6 Shields
 * Level 12.6 Unarmed Combat


You had 10 spell levels left.
You didn't know any spells.
Your spell library was empty.

Dungeon Overview and Level Annotations

Branches:
Dungeon (10/15)            Temple (1/1) D:6         Ossuary (visited)
   Lair: D:8-11         Orc: D:9-12

Altars:
Ashenzari
Dithmenos
Fedhas
Kikubaaqudgha
Makhleb
Okawaru
Qazlal
Ru
Vehumet
Xom
Zin

Shops:
D:1 ?   D:2 [   D:8 =

Annotations:
D:4 1 runed translucent door, 2tc's ghost, amateur FoFi


Innate Abilities, Weirdness & Mutations

You cannot wear most types of armour.
You are amphibious.
You can wear up to eight rings at the same time.
Your skin changes colour to match your surroundings (Stealth+).
Your rubbery body absorbs attacks. (AC +1, EV +1)
((You are camouflaged near water. (Stealth+)))
You have tentacles for arms and can constrict up to eight enemies at once.


Message History

You miss the tyrant leech. You squeeze the tyrant leech.
The tyrant leech is lightly wounded.
The tyrant leech bites you!!
The tyrant leech draws strength from your injuries!
You hear a bellow!
You batter the tyrant leech!!
The tyrant leech is moderately wounded.
You hear a bellow!
You hear a shout!
You tentacle-slap the tyrant leech. Your squeeze misses the tyrant leech.
The tyrant leech is moderately wounded.
The tyrant leech closely misses you.
You tentacle-slap the tyrant leech but do no damage.
The tyrant leech is moderately wounded.
You tentacle-slap the tyrant leech. Your squeeze misses the tyrant leech.
The tyrant leech is heavily wounded.
The tyrant leech bites you.
The tyrant leech draws strength from your injuries!
You closely miss the tyrant leech.
The tyrant leech is moderately wounded.
You barely miss the tyrant leech.
The tyrant leech is moderately wounded.
You miss the tyrant leech.
The tyrant leech is moderately wounded.
The tyrant leech bites you.
* * * LOW HITPOINT WARNING * * *
The tyrant leech draws strength from your injuries!
You barely miss the tyrant leech.
The tyrant leech is moderately wounded.
You miss the tyrant leech. You squeeze the tyrant leech!
The tyrant leech is heavily wounded.
You are no longer corroded.
The tyrant leech bites you!!
* * * LOW HITPOINT WARNING * * *
The tyrant leech draws strength from your injuries!
A yak comes into view.
You closely miss the tyrant leech.
Your tentacle-slap misses the tyrant leech.
Your squeeze misses the tyrant leech. You closely miss the tyrant leech.
The tyrant leech bites you!!
You die...

#.# #.# #.# #.# #.# ##'##
#.## #.# ##...### #
###..####.# ##.......
#.#.#.#.......# ##........
...Y....##....###.........
...w.o..Z.Y.....'.>.....≈≈
.###.#.###w...###...≈≈≈≈≈≈
#. #@)...# ##..≈≈≈... #.
#.###.# ##.≈≈≈≈.. #. #.#
#.# #....≈≈. #. ... ..#
###..... ####.# ### #.#...
#.# #.#### #.# #.# # #.#
..


You could see a tyrant leech and a yak.

Vanquished Creatures
  A hydra (D:7)
  Maurice (D:9)
  A gargoyle (D:10)
  A troll (D:10)
  3 polar bears (D:10)
  A hornet (D:7)
  Sigmund (D:5)
  A shadow (D:9)
  15 yaks
  A steam dragon (D:4)
  2 vampire mosquitoes (D:10)
  2 water moccasins (D:8)
  2 ice beasts (D:10)
  4 orc warriors
  A sky beast (D:7)
  A black bear (D:6)
  A hornet zombie (D:8)
  2 ogres
  6 centaurs
  2 elf zombies (Ossuary)
  A kobold brigand (D:7)
  A bullfrog (D:6)
  2 scorpions
  11 killer bees
  2 howler monkeys
  A bullfrog zombie (D:5)
  2 centaur zombies
  2 hounds
  A centaur skeleton (D:6)
  6 orc priests
  A jelly (D:6)
  Crazy Yiuf (D:2)
  2 human zombies (Ossuary)
  Jessica (D:2)
  2 iguanas
  4 orc wizards
  A killer bee zombie (D:7)
  A hound zombie (Ossuary)
  2 hound skeletons (D:5)
  3 mummies (Ossuary)
  A howler monkey zombie (D:5)
  3 adders
  2 shadow imps (D:7)
  2 white imps
  4 ufetubi
  An adder skeleton (D:5)
  5 adder zombies (Ossuary)
  6 dart slugs
  21 orcs
  8 endoplasms
  A giant cockroach (D:1)
  2 gnoll zombies (Ossuary)
  10 goblins
  10 hobgoblins
  5 jackals (D:4)
  6 quokkas
  4 ball pythons
  9 bats
  6 frilled lizards
  2 goblin zombies
  4 hobgoblin zombies (Ossuary)
  5 jackal zombies (Ossuary)
  15 kobolds
  6 kobold zombies (Ossuary)
  An orc zombie (Ossuary)
  3 quokka zombies
  5 rats
  4 rat zombies (Ossuary)
247 creatures vanquished.

Notes
Turn   | Place    | Note
-------+----------+-------------------------------------------
     0 | D:1      | Froggeryz the Octopode Berserker began the quest for the
                  | Orb.
     0 | D:1      | Reached XP level 1. HP: 16/16 MP: 1/1
   202 | D:1      | Found a faded altar of an unknown god.
   303 | D:1      | Found Rah Wyll's Magic Scroll Emporium.
   317 | D:1      | Reached XP level 2. HP: 20/21 MP: 2/2
   613 | D:1      | Reached XP level 3. HP: 26/26 MP: 3/3
  1050 | D:2      | Noticed Jessica
  1057 | D:2      | Killed Jessica
  1058 | D:2      | Reached skill level 4 in Unarmed Combat
  1058 | D:2      | Reached XP level 4. HP: 24/31 MP: 4/4
  1230 | D:2      | Reached ** piety under Trog
  1267 | D:2      | Found Huonat's Armour Emporium.
  1806 | D:2      | Found a burning altar of Makhleb.
  2299 | D:2      | Found a runed translucent door.
  2300 | D:2      | Noticed Crazy Yiuf
  2308 | D:2      | Killed Crazy Yiuf
  2453 | D:3      | Reached XP level 5. HP: 30/36 MP: 5/5
  2517 | D:3      | You are sucked into a shaft and drop 1 floor!
  2530 | D:4      | Reached skill level 5 in Unarmed Combat
  2617 | D:4      | Found a runed translucent door.
  3213 | D:3      | Reached *** piety under Trog
  3496 | D:3      | Reached XP level 6. HP: 42/42 MP: 6/6
  4420 | D:4      | Noticed a steam dragon
  4467 | D:4      | Killed a steam dragon
  4468 | D:4      | Reached skill level 6 in Unarmed Combat
  4809 | D:4      | Found an ancient bone altar of Kikubaaqudgha.
  4810 | D:4      | Found a glowing silver altar of Zin.
  4822 | D:4      | Reached XP level 7. HP: 40/46 MP: 7/7
  5141 | D:4      | Noticed 2tc's ghost (amateur FoFi)
  5163 | D:5      | Entered Level 5 of the Dungeon
  5398 | D:5      | Noticed Sigmund
  5553 | D:5      | Found a sand-covered staircase.
  5560 | Ossuary  | Entered an ossuary
  5764 | Ossuary  | Reached skill level 7 in Unarmed Combat
  5767 | Ossuary  | Reached **** piety under Trog
  6338 | D:5      | Killed Sigmund
  6339 | D:5      | Reached skill level 8 in Unarmed Combat
  6339 | D:5      | Reached XP level 8. HP: 54/54 MP: 8/8
  6382 | D:5      | Found a radiant altar of Vehumet.
  6473 | D:5      | Reached skill level 5 in Fighting
  7471 | D:6      | Found a staircase to the Ecumenical Temple.
  7488 | D:6      | Reached skill level 9 in Unarmed Combat
  7764 | D:6      | Reached XP level 9. HP: 58/62 MP: 9/9
  8224 | D:6      | Found a blossoming altar of Fedhas.
  8341 | Temple   | Entered the Ecumenical Temple
  8358 | D:7      | Noticed a hornet
  8362 | D:7      | Paralysed by a hornet for 2 turns
  8367 | D:7      | Killed a hornet
  8368 | D:7      | Reached skill level 10 in Unarmed Combat
  8679 | D:7      | Noticed an eight-headed hydra
  8686 | D:7      | Killed an eight-headed hydra
  8687 | D:7      | Reached skill level 11 in Unarmed Combat
  8857 | D:7      | Found a burning altar of Makhleb.
  9275 | D:8      | Found Ozuy's Jewellery Shop.
  9399 | D:8      | Reached XP level 10. HP: 52/72 MP: 10/10
  9402 | D:8      | Reached ***** piety under Trog
  9577 | D:8      | Identified the +0 buckler "Roda" {Rampage *Corrode SInv
                  | Stlth+}
  9672 | D:8      | Found an iron altar of Okawaru.
  9715 | D:8      | Reached skill level 1 in Shields
  9784 | D:8      | Bought an amulet of guardian spirit for 330 gold pieces
  9823 | D:8      | Found a shadowy altar of Dithmenos.
 10352 | D:9      | Found a stormy altar of Qazlal.
 10520 | D:9      | Noticed Maurice
 10532 | D:9      | Killed Maurice
 10533 | D:9      | Reached skill level 5 in Shields
 11333 | D:10     | Entered Level 10 of the Dungeon
 11388 | D:10     | Noticed a gargoyle
 11394 | D:10     | Killed a gargoyle
 11470 | D:10     | Reached skill level 5 in Dodging
 11475 | D:10     | Reached skill level 12 in Unarmed Combat
 11478 | D:10     | Reached XP level 11. HP: 72/80 MP: 8/11
 12623 | D:10     | Demolished by a tyrant leech

Illustrated notes

Levels and vault maps discovered:
D:1:      eino_arrival_cavern_d, layout_rooms, serial_shops, shop,
          hellmonk_ecumenical_altar_zigzags
D:2:      minmay_chambers_of_twos, layout_basic, basic_altar, serial_shops,
          shop, uniq_crazy_yiuf_cottage, uniq_jessica
D:3:      layout_basic
D:4:      layout_basic, nicolae_overflow_hidden_temple,
          ebering_ghost_reflecting_pool
D:5:      layout_basic, vehumet_crystals, enter_ossuary_4, uniq_sigmund
D:6:      layout_cave_pools, lemuel_round_altar,
          minmay_temple_entry_drinking_statues
D:7:      layout_cave_pools, marbit_many_paths
D:8:      layout_rooms, lemuel_doored_altar, overflow_temple_1_default,
          serial_shops, shop, minmay_holes
D:9:      layout_rooms, nicolae_overflow_crystal_walls, serial_aquarium,
          aquarium_bridge_long_joined [aquarium_subvault_bridge,
          aquarium_subvault_bridge, aquarium_subvault_bridge,
          aquarium_subvault_window, aquarium_subvault_balcony,
          aquarium_subvault_bridge], aquarium_window_fake, aquarium_window_1,
          aquarium_view_2f, uniq_maurice
D:10:     layout_loops_corners, kennysheep_mini_moat, dpeg_lair_monsters,
          serial_ice, serial_ice_i, serial_ice_b, serial_ice_d, serial_ice_h,
          serial_ice_a, serial_ice_o, minmay_guarded_unrand_vampires_tooth
Temple:   dshaligram_water_room_temple

Skill      XL: |  1  2  3  4  5  6  7  8  9 10 11 |
---------------+----------------------------------+-----
Unarmed Combat | 4 5 6 8 9 11 12 | 12.6
Dodging        | 4 5 6 |  6.1
Fighting       | 4 6 7 9 |  9.7
Shields        | 5 |  5.6

Action                   |  1- 3 |  4- 6 |  7- 9 | 10-12 || total
-------------------------+-------+-------+-------+-------++-------
Melee: Unarmed           |    67 |   134 |   259 |   194 ||   654
       Constrict         |    13 |    37 |    55 |    21 ||   126
       Tentacles         |     8 |    14 |    56 |    50 ||   128
       Punch             |       |     9 |    23 |    21 ||    53
Invok: Berserk           |     1 |     3 |     7 |     8 ||    19
       Trog's Hand       |       |       |     1 |     1 ||     2
Evoke: Wand              |       |       |     2 |       ||     2
  Use: Scroll            |       |       |    10 |     1 ||    11
       Potion            |       |       |       |     1 ||     1
 Stab: Sleeping          |     1 |     8 |    11 |     2 ||    22
       Distracted        |       |       |       |     1 ||     1
Armor: Skin              |     8 |    13 |    19 |     4 ||    44
Dodge: Dodged            |    56 |    87 |   143 |   135 ||   421
Block: Buckler           |       |       |       |    30 ||    30

Table legend: (Time is in decaauts)
 A = Elapsed time spent in this place.
 B = Non-inter-level travel time spent in this place.
 C = Inter-level travel time spent in this place.
 D = Time resting spent in this place.
 E = Time spent auto-exploring this place.
 F = Levels seen in this place.
 G = Mean time per level.
                   A        B        C        D        E       F      G
               +--------+--------+--------+--------+--------+-----+--------+
         Total |  12710 |  12349 |    361 |   2166 |   8566 |  12 | 1059.2 |
       Dungeon |  11959 |  11600 |    359 |   2166 |   7979 |  10 | 1195.9 |
        Temple |      6 |      4 |      2 |      0 |      3 |   1 |    6.0 |
       Ossuary |    745 |    745 |      0 |      0 |    584 |   1 |  745.0 |
               +--------+--------+--------+--------+--------+-----+--------+

Top non-repeatable levels by time:
     D:4: 1432 daAuts
     D:2: 1397 daAuts
     D:5: 1335 daAuts
     D:3: 1303 daAuts
    D:10: 1281 daAuts
     D:9: 1231 daAuts
     D:7: 1173 daAuts
     D:6: 1161 daAuts
     D:1: 1053 daAuts
 Ossuary: 745 daAuts
     D:8: 588 daAuts
  Temple: 6 daAuts
